 Dungeon Crawl Stone Soup version 0.23-a0-481-g60b89c1 (webtiles) character file.

4421 XanderDroid the Covert (level 10, -3/82 HPs)
             Began as a Gnoll Wanderer on Nov 29, 2018.
             Was a Believer of Ashenzari.
             Slain by a swamp worm (6 damage)
             ... on level 9 of the Dungeon on Nov 30, 2018.
             The game lasted 00:44:02 (12007 turns).

XanderDroid the Covert (Gnoll Wanderer)            Turns: 12007, Time: 00:44:03

Health: -3/82      AC: 15    Str: 18    XL:     10   Next: 36%
Magic:  17/17      EV: 10    Int: 15    God:    Ashenzari [**....]
Gold:   479        SH:  7    Dex: 14    Spells: 18/19 levels left

rFire    . . .     SeeInvis .   a - +2 spear
rCold    . . .     Gourm    .   E - +2 buckler
rNeg     . . .     Faith    .   D - +0 chain mail {rPois} (curse)
rPois    +         Spirit   .   (no helmet)
rElec    .         Reflect  .   i - +0 cloak
rCorr    .         Harm     .   o - +0 pair of gloves (curse)
MR       .....                  h - +1 pair of boots (curse)
Stlth    +.........             (no amulet)
HPRegen  0.23/turn              (no ring)
MPRegen  0.15/turn              (no ring)

@: about to teleport, very slightly contaminated, drained
A: distributed training, fangs 1, strong nose
a: Curse Item, Scrying, Renounce Religion


You were on level 9 of the Dungeon.
You worshipped Ashenzari.
Ashenzari was pleased with you.
You were not hungry.

You visited 2 branches of the dungeon, and saw 10 of its levels.
You also visited: Sewer and Ossuary.

You collected 479 gold pieces.

Inventory:

Hand Weapons
 a - a +2 spear (weapon)
 b - a +3 dagger of holy wrath
Armour
 h - a cursed +1 pair of boots (worn)
 i - a +0 cloak (worn)
 o - a cursed +0 pair of gloves (worn)
 D - a cursed +0 chain mail of poison resistance (worn)
 E - a +2 buckler (worn)
Wands
 m - a wand of digging (3)
 C - a wand of flame (12)
Scrolls
 c - 2 scrolls of teleportation
 d - 2 scrolls of immolation
 k - a scroll of random uselessness {unknown}
 n - a scroll of acquirement {unknown}
 p - a scroll of blinking
 s - a scroll of fog
 t - 6 scrolls of remove curse
 w - 3 scrolls of magic mapping
 x - a scroll of enchant weapon {unknown}
Potions
 e - 7 potions of curing
 j - 3 potions of heal wounds
 l - a potion of invisibility
 q - a potion of lignification {unknown}
 r - 3 potions of cancellation
 u - a potion of mutation {unknown}
 v - 3 potions of resistance
 z - 2 potions of flight {unknown}
 A - a potion of agility {unknown}
 B - a potion of might
Comestibles
 f - 8 rations


   Skills:
 + Level 8.4(8.2) Fighting
 + Level 5.1(4.9) Short Blades
 + Level 5.1(4.9) Long Blades
 + Level 5.1(4.9) Axes
 + Level 5.1(4.9) Maces & Flails
 + Level 5.8(5.6) Polearms
 + Level 5.1(4.9) Staves
 + Level 5.1(4.9) Slings
 + Level 5.1(4.9) Bows
 + Level 5.1(4.9) Crossbows
 + Level 5.8(5.6) Throwing
 + Level 5.1(7.1) Armour
 + Level 5.8(5.6) Dodging
 + Level 9.4(9.2) Stealth
 + Level 5.1(4.9) Shields
 + Level 5.1(4.9) Unarmed Combat
 + Level 5.1(4.9) Spellcasting
 + Level 4.2(4.0) Conjurations
 + Level 4.2(4.0) Hexes
 + Level 4.2(4.0) Charms
 + Level 4.2(4.0) Summonings
 + Level 4.2(4.0) Necromancy
 + Level 4.2(4.0) Translocations
 + Level 4.2(4.0) Transmutations
 + Level 4.2(4.0) Fire Magic
 + Level 4.2(4.0) Ice Magic
 + Level 4.2(4.0) Air Magic
 + Level 4.2(4.0) Earth Magic
 + Level 4.2(4.0) Poison Magic
 + Level 5.6(5.4) Invocations
 + Level 5.1(4.9) Evocations


You had 18 spell levels left.
You knew the following spells:

 Your Spells              Type           Power        Failure   Level  Hunger
a - Magic Dart            Conj           ###.         32%         1    None

Your spell library contained the following spells:

 Spells                   Type           Power        Failure   Level  Hunger
 Beastly Appendage        Tmut           ###...       32%         1    None
 Searing Ray              Conj           ###...       43%         2    ##.....
 Sticks to Snakes         Tmut           ###.....     43%         2    ##.....
 Dazzling Spray           Conj/Hex       ###...       67%         3    ###....
 Spider Form              Tmut/Pois      ###.......   67%         3    ###....
 Force Lance              Conj/Tloc      ###.....     97%         4    ####...
 Fulminant Prism          Conj/Hex       ###.......   97%         4    ####...
 Ice Form                 Ice/Tmut       ###.....     97%         4    ####...
 Iskenderun's Mystic Bla  Conj           ###.....     97%         4    ####...
 Blade Hands              Tmut           ###.......   100%        5    ######.


Dungeon Overview and Level Annotations

Branches:
Dungeon (9/15)             Temple (1/1) D:4
   Lair: D:8-11         Orc: D:9-12

Altars:
Ashenzari
Cheibriados
Dithmenos
Elyvilon
Fedhas
Gozag
Hepliaklqana
Kikubaaqudgha
Makhleb
Nemelex Xobeh
Okawaru
Qazlal
Ru
Sif Muna
Trog
Uskayaw
Vehumet
Wu Jian
Xom
Yredelemnul
Zin
The Shining One
Beogh

Shops:
D:7 (

Annotations:
D:7 2 transporters
D:9 1 runed door, Ijustatesigmund's ghost, novice GnWz


Innate Abilities, Weirdness & Mutations

Your experience applies equally to all skills.
You have very sharp teeth.
Your uncanny sense of smell can sniff out nearby items.


Message History

The death yak bellows!
A yak comes into view.
The yak bellows!
A yak comes into view. x2
As you read the scroll of teleportation, it crumbles to dust.
You feel strangely unstable.
The yak bellows! x2
The yak snorts and paws the ground.
Your surroundings suddenly seem different.
The swamp worm throws harpoon shot at you.
The harpoon shot hits you!
* * * LOW HITPOINT WARNING * * *
You are yanked forward by the harpoon shot.
The orc wizard gestures at you while chanting.
The magic dart hits you!
* * * LOW HITPOINT WARNING * * *
Found 17 gold pieces.
As you read the scroll of teleportation, it crumbles to dust.
You feel strangely unstable. The swamp worm bites you.
You die...

##....# .. ∆ #...........
##.....# ##.≈. #........###
#......# ...≈. #...w.......
##......####'''####.ow.w.#≈≈≈≈
#.....Y......≈..........≈≈≈≈≈≈
#......Y.....≈.........≈≈≈####
.....Y.Y.....≈.........≈≈P#≈≈
......Y.....≈≈≈.$......≈≈≈≈≈≈
....YY.....≈≈≈≈.@...#..≈≈P#≈≈
...Y.......≈≈≈≈≈w...#.#≈≈≈###
....Y.....≈≈≈≈≈≈......# ≈
........)..≈≈≈≈.....$.#
.......#.....≈.....####
......##...........#
......############## #####.#
##.#


You could see 4 swamp worms and an orc wizard.

Vanquished Creatures
  Erica (D:8)
  Grinder (D:3)
  Sigmund (D:3)
  A human (D:9)
  A water moccasin (D:8)
  An orc warrior (D:7)
  A necrophage (D:8)
  5 ogres
  2 phantoms
  A centaur (D:7)
  2 big kobolds
  An elf zombie (Ossuary)
  3 bullfrogs
  A scorpion (D:9)
  10 killer bees
  A howler monkey (D:4)
  An electric eel (D:9)
  A crimson imp (D:6)
  A jelly (D:9)
  8 hounds
  A human zombie (Ossuary)
  2 orc priests
  9 orc wizards
  3 iguanas
  Ijyb (D:3)
  5 worker ants
  2 big kobold zombies (Ossuary)
  A hound zombie (D:6)
  2 mummies (Ossuary)
  A gnoll (D:4)
  16 adders
  A howler monkey skeleton (D:4)
  A river rat (Sewer)
  A shadow imp (D:8)
  3 oozes
  3 adder zombies
  5 adder skeletons
  10 worms
  3 dart slugs
  7 leopard geckos
  44 orcs
  6 ball pythons
  A giant cockroach (D:3)
  6 hobgoblins
  3 quokkas
  7 bats
  4 frilled lizards
  A giant cockroach zombie (D:6)
  10 goblins
  4 goblin zombies (Ossuary)
  6 hobgoblin zombies (Ossuary)
  A jackal skeleton (D:6)
  A jackal zombie (Ossuary)
  18 kobolds
  7 kobold zombies (Ossuary)
  12 orc zombies (Ossuary)
  A quokka skeleton (D:4)
  15 rats
  A rat zombie (Ossuary)
269 creatures vanquished.

Vanquished Creatures (others)
  2 plants (D:9)
2 creatures vanquished.

Grand Total: 271 creatures vanquished

Notes
Turn   | Place    | Note
-------+----------+-------------------------------------------
     0 | D:1      | XanderDroid the Gnoll Wanderer began the quest for the Orb.
     0 | D:1      | XanderDroid set off with the following items: a +2 spear, a
                  | potion of curing, a scroll of teleportation, a +0 robe, a
                  | +0 dagger, a ration
     0 | D:1      | Reached XP level 1. HP: 23/23 MP: 1/1
   258 | D:1      | Reached XP level 2. HP: 29/29 MP: 2/2
   727 | D:1      | Reached XP level 3. HP: 35/35 MP: 3/3
  1318 | D:2      | Found a faded altar of an unknown god.
  1327 | D:2      | Reached skill level 1 in Short Blades
  1327 | D:2      | Reached skill level 1 in Long Blades
  1327 | D:2      | Reached skill level 1 in Axes
  1327 | D:2      | Reached skill level 1 in Maces & Flails
  1327 | D:2      | Reached skill level 1 in Staves
  1327 | D:2      | Reached skill level 1 in Slings
  1327 | D:2      | Reached skill level 1 in Bows
  1327 | D:2      | Reached skill level 1 in Crossbows
  1327 | D:2      | Reached skill level 1 in Armour
  1327 | D:2      | Reached skill level 1 in Shields
  1327 | D:2      | Reached skill level 1 in Unarmed Combat
  1327 | D:2      | Reached skill level 1 in Spellcasting
  1327 | D:2      | Reached skill level 1 in Invocations
  1327 | D:2      | Reached skill level 1 in Evocations
  1327 | D:2      | Reached XP level 4. HP: 36/41 MP: 5/5
  1681 | D:2      | Found a shadowy altar of Dithmenos.
  1750 | D:2      | Reached skill level 1 in Conjurations
  1750 | D:2      | Reached skill level 1 in Hexes
  1750 | D:2      | Reached skill level 1 in Charms
  1750 | D:2      | Reached skill level 1 in Summonings
  1750 | D:2      | Reached skill level 1 in Necromancy
  1750 | D:2      | Reached skill level 1 in Translocations
  1750 | D:2      | Reached skill level 1 in Transmutations
  1750 | D:2      | Reached skill level 1 in Fire Magic
  1750 | D:2      | Reached skill level 1 in Ice Magic
  1750 | D:2      | Reached skill level 1 in Air Magic
  1750 | D:2      | Reached skill level 1 in Earth Magic
  1750 | D:2      | Reached skill level 1 in Poison Magic
  1978 | D:2      | Reached XP level 5. HP: 47/47 MP: 6/6
  2393 | D:3      | Noticed Grinder
  2530 | D:3      | Found a stormy altar of Qazlal.
  2561 | D:3      | Noticed Sigmund
  2851 | D:3      | Found a glowing drain.
  2861 | Sewer    | Entered a sewer
  2894 | Sewer    | Noticed a big kobold
  2919 | Sewer    | Killed a big kobold
  2919 | Sewer    | Reached skill level 8 in Stealth
  2919 | Sewer    | Reached XP level 6. HP: 43/53 MP: 8/8
  3293 | D:3      | Noticed Ijyb
  3476 | D:3      | Killed Ijyb
  3766 | D:3      | Killed Grinder
  3766 | D:3      | Reached XP level 7. HP: 47/60 MP: 10/10
  4546 | D:4      | Reached XP level 8. HP: 67/67 MP: 12/12
  4565 | D:4      | Found a sparkling altar of Nemelex Xobeh.
  4694 | D:4      | Found a staircase to the Ecumenical Temple.
  4704 | Temple   | Entered the Ecumenical Temple
  4925 | Temple   | Became a worshipper of Ashenzari the Shackled
  5008 | D:4      | Found a bloodstained altar of Trog.
  5247 | D:4      | Found a snail-covered altar of Cheibriados.
  5302 | D:5      | Entered Level 5 of the Dungeon
  5351 | D:5      | Found a sand-covered staircase.
  5511 | Ossuary  | Entered an ossuary
  7034 | D:6      | Reached * piety under Ashenzari
  7195 | D:6      | Learned a level 1 spell: Magic Dart
  7347 | D:7      | Reached XP level 9. HP: 67/72 MP: 14/14
  7368 | D:7      | Found a sacrificial altar of Ru.
  7656 | D:7      | Found a burning altar of Makhleb.
  7687 | D:7      | Found a basalt altar of Yredelemnul.
  7746 | D:7      | Found Nuekhleoj's Weapon Emporium.
  7771 | D:7      | Found a transporter.
  7771 | D:7      | Found a hazy altar of Hepliaklqana.
  7789 | D:7      | Found a transporter.
  8940 | D:7      | Found a shimmering altar of Xom.
  8947 | D:7      | Reached skill level 5 in Polearms
  8947 | D:7      | Reached skill level 5 in Throwing
  8947 | D:7      | Reached skill level 5 in Dodging
  9208 | D:3      | Killed Sigmund
  9208 | D:3      | Reached skill level 9 in Stealth
  9664 | D:8      | Found a roughly hewn altar of Beogh.
 10249 | D:8      | Noticed Erica
 10291 | D:8      | Killed Erica
 10291 | D:8      | Reached skill level 5 in Invocations
 10291 | D:8      | Reached XP level 10. HP: 50/80 MP: 15/17
 11032 | D:8      | Reached skill level 5 in Short Blades
 11032 | D:8      | Reached skill level 5 in Long Blades
 11032 | D:8      | Reached skill level 5 in Axes
 11032 | D:8      | Reached skill level 5 in Maces & Flails
 11032 | D:8      | Reached skill level 5 in Staves
 11032 | D:8      | Reached skill level 5 in Slings
 11032 | D:8      | Reached skill level 5 in Bows
 11032 | D:8      | Reached skill level 5 in Crossbows
 11032 | D:8      | Reached skill level 5 in Armour
 11032 | D:8      | Reached skill level 5 in Shields
 11032 | D:8      | Reached skill level 5 in Unarmed Combat
 11032 | D:8      | Reached skill level 5 in Spellcasting
 11032 | D:8      | Reached skill level 5 in Evocations
 11244 | D:9      | Found a runed door.
 11244 | D:9      | Noticed Ijustatesigmund's ghost (novice GnWz)
 11859 | D:9      | Reached ** piety under Ashenzari
 12002 | D:9      | Noticed a death yak
 12006 | D:9      | HP: 3/82 [orc wizard/magic dart (5)]
 12007 | D:9      | Slain by a swamp worm

Vault maps used:
D:1:      mrwooster_arrival_arrow, roderic_serpentine_path
D:2:      marbit_many_paths, chequers_ecumenical_altar_simple_redux
D:3:      grunt_qazlal_sundering, cheibrodos_sewer_entry_bend, minmay_unequal,
          uniq_ijyb, uniq_grinder, uniq_sigmund
D:4:      wad_river_or_something, cheibriados_altar_1, bloody_trog,
          minmay_temple_entry_waves, minmay_misc_feat_more_columns,
          nemelex_spade_bored_becter
D:5:      enter_ossuary_1, first_ration, minmay_crossroads
D:6:      kennysheep_small_square
D:7:      nicolae_overflow_hidden_temple, makhleb_heckhound_becter,
          gammafunk_temple_overflow_arena, kennysheep_little_box,
          nicolae_ru_awakened_eye, serial_shops, nicolae_shop_crystal
D:8:      special_room, serial_co_window_serial, co_window_paths_a,
          co_window_paths_a, co_window_paths_a, co_window_paths_a,
          co_window_of_opportunity_a, co_window_corner_b,
          co_window_unsneaky_path_d, co_window_broadway_a, co_window_corner_b,
          co_window_2corner, co_window_corner_b, co_window_4corner_b,
          co_window_4corner_a, glass_columns_c, uniq_erica
D:9:      argonaut_augean_stables, ebering_ghost_inner_flame, grunt_pizzeria,
          worms_lemuel
Temple:   nicolae_temple_figure_eight
Sewer:    sewer_co_15_rooms
Ossuary:  ossuary_tomb_1

Skill      XL: |  1  2  3  4  5  6  7  8  9 10 |
---------------+-------------------------------+-----
Short Blades   | 1 2 3 4 5 |  5.1
Long Blades    | 1 2 3 4 5 |  5.1
Axes           | 1 2 3 4 5 |  5.1
Maces & Flails | 1 2 3 4 5 |  5.1
Staves         | 1 2 3 4 5 |  5.1
Slings         | 1 2 3 4 5 |  5.1
Bows           | 1 2 3 4 5 |  5.1
Crossbows      | 1 2 3 4 5 |  5.1
Armour         | 1 2 3 4 5 |  5.1
Shields        | 1 2 3 4 5 |  5.1
Unarmed Combat | 1 2 3 4 5 |  5.1
Spellcasting   | 1 2 3 4 5 |  5.1
Invocations    | 1 2 3 4 5 |  5.6
Evocations     | 1 2 3 4 5 |  5.1
Conjurations   | 1 2 3 4 |  4.2
Hexes          | 1 2 3 4 |  4.2
Charms         | 1 2 3 4 |  4.2
Summonings     | 1 2 3 4 |  4.2
Necromancy     | 1 2 3 4 |  4.2
Translocations | 1 2 3 4 |  4.2
Transmutations | 1 2 3 4 |  4.2
Fire Magic     | 1 2 3 4 |  4.2
Ice Magic      | 1 2 3 4 |  4.2
Air Magic      | 1 2 3 4 |  4.2
Earth Magic    | 1 2 3 4 |  4.2
Poison Magic   | 1 2 3 4 |  4.2
Polearms       | 3 4 5 |  5.8
Throwing       | 3 4 5 |  5.8
Dodging        | 3 4 5 |  5.8
Stealth        | 8 9 |  9.4
Fighting       | 7 8 |  8.4

Action                   |  1- 3 |  4- 6 |  7- 9 | 10-12 || total
-------------------------+-------+-------+-------+-------++-------
Melee: Spear             |    69 |   264 |   654 |   221 ||  1208
       Dagger            |     5 |       |   142 |       ||   147
       Bite              |     7 |    21 |    77 |    31 ||   136
       Punch             |       |     4 |     2 |       ||     6
Invok: Curse Item        |       |       |     3 |       ||     3
Evoke: Wand              |       |       |       |     1 ||     1
  Use: Scroll            |       |       |    15 |     5 ||    20
       Potion            |       |       |     1 |       ||     1
 Stab: Sleeping          |    16 |    10 |    13 |       ||    39
       Distracted        |       |     2 |     2 |     1 ||     5
  Eat: Chunk             |     1 |     8 |     6 |     2 ||    17
       Ration            |       |       |     5 |     1 ||     6
Armor: Robe              |     9 |    11 |       |       ||    20
       Ring mail         |       |    47 |   207 |       ||   254
       Chain mail        |       |       |    15 |    67 ||    82
Dodge: Dodged            |    30 |   110 |   321 |    65 ||   526
Block: Buckler           |       |       |   111 |    68 ||   179

Table legend:
 A = Non-vault XP
 B = Vault XP
 C = Vault XP percentage of total XP
 D = Non-vault monster count
 E = Vault monster count
 F = Vault count percentage of total count
                 A         B        C        D         E       F
            +---------+---------+-------+---------+---------+-------
      Total |    3657 |    2660 |  42.1 |     178 |      91 |  33.8
            +---------+---------+-------+---------+---------+-------
        D:1 |      34 |       0 |   0.0 |      23 |       0 |   0.0
        D:2 |     163 |       1 |   0.6 |      28 |       1 |   3.4
        D:3 |     146 |     627 |  81.1 |      24 |       9 |  27.3
        D:4 |     367 |      87 |  19.2 |      23 |       5 |  17.9
        D:5 |     442 |      35 |   7.3 |      17 |       2 |  10.5
        D:6 |     204 |       3 |   1.4 |       8 |       1 |  11.1
        D:7 |     966 |     176 |  15.4 |      27 |       2 |   6.9
        D:8 |     981 |    1114 |  53.2 |      15 |      16 |  51.6
        D:9 |     354 |     189 |  34.8 |      13 |       1 |   7.1
      Sewer |       0 |     165 | 100.0 |       0 |      16 | 100.0
    Ossuary |       0 |     263 | 100.0 |       0 |      38 | 100.0
            +---------+---------+-------+---------+---------+-------
